AoeStats
← 知耻而后勇喜笑颜开

Arabia

507864084Analyzed
1v1 RM · 12d ago on Sep 20, 2026· 64m 45s· 2 players
Game mode
Random Map
Map size
Tiny (2 player)
Population
200
Speed
Normal
Resources
Standard
Victory
Conquest
Starting age
Dark Age
Ending age
Imperial Age
RankedLock teamsTeams togetherTeam positionsShared explorationLock speedFull tech treeHidden civsTurbo modeCheats
Victory
Defeat
1432
+14
🇨🇴 Vikings · Colombia
1387
-14
SHINNO_AOE
7:04 Loom
9:52 Feudal Age
9:55 Man-at-Arms
11:38 Arson
15:04 Double-Bit Axe
16:18 Fletching
16:52 Horse Collar
24:43 Castle Age
23:04 Padded Archer Armor
23:47 Scale Mail Armor
25:20 Bodkin Arrow
26:18 Ballistics
25:25 Crossbowman
27:03 Chain Mail Armor
26:59 Forging
26:47 Long Swordsman
27:30 Squires
29:38 Leather Archer Armor
31:09 Forging
39:34 Town Watch
40:09 Elite Skirmisher
43:31 Imperial Age
41:28 Bow Saw
41:48 Gold Mining
44:20 Bracer
45:31 Ring Archer Armor
44:30 Capped Ram
45:11 Arbalester
60:37 Plate Mail Armor
61:35 Iron Casting
知耻而后勇喜笑颜开
8:35 Feudal Age
8:48 Loom
9:04 Double-Bit Axe
9:00 Horse Collar
10:51 Town Watch
11:41 Wheelbarrow
12:29 Fletching
15:11 Padded Archer Armor
17:29 Scale Mail Armor
18:26 Forging
19:08 Champi Runner
24:34 Castle Age
22:49 Gold Mining
25:26 Bow Saw
25:17 Heavy Plow
25:53 Gold Shaft Mining
25:34 Hand Cart
25:21 Elite Skirmisher
27:21 Bodkin Arrow
27:37 Thumb Ring
28:55 Ballistics
30:31 Treadmill Crane
46:13 Imperial Age
45:06 Herbalism
47:04 Bracer
48:06 Leather Archer Armor
49:49 Hoardings
50:19 Iron Casting
50:00 Chain Mail Armor
50:05 Stone Mining
50:36 Squires
51:55 Two-Man Saw
52:03 Conscription
53:17 Stone Shaft Mining
52:07 Capped Ram
57:36 Plate Mail Armor
56:29 Champi Warrior
58:37 Chemistry
57:14 Elite Champi Warrior
57:47 Elite Guecha Warrior
59:18 Crop Rotation
63:05 Masonry
65:30 Siege Engineers
Connection lost

Rejoining the realm…

Still unreachable

The connection could not be restored.

Session expired

The server has moved on; the page needs a fresh start.